 Dungeon Crawl Stone Soup version 0.18.0-1-g0107ab7 (webtiles) character file.

96 Slanga the Grave Robber (level 4, 0/32 (33) HPs)
             Began as a Ghoul Necromancer on May 5, 2016.
             Was an Initiate of Ru.
             Slain by an orc priest
             ... wielding a +0 falchion
              (6 damage)
             ... on level 3 of the Dungeon.
             The game lasted 00:24:46 (1409 turns).

Slanga the Grave Robber (Ghoul Necromancer)         Turns: 1409, Time: 00:24:47

HP:   0/32 (33)     AC:  5    Str: 14    XL:     4   Next: 67%
MP:   6/6           EV: 12    Int: 13    God:    Ru [......]
Gold: 80            SH:  0    Dex:  9    Spells: 1 memorised, 6 levels left

rFire  . . .     SeeInvis .     p - +0 short sword
rCold  + . .     Gourm    .     o - +1 leather armour {rPois}
rNeg   + + +     Faith    .     (no shield)
rPois  ∞         Spirit   .     (no helmet)
rElec  .         Dismiss  .     (no cloak)
rCorr  .         Reflect  .     (no gloves)
SustAt .         Harm     .     m - +0 pair of boots
MR     .....                    (no amulet)
Stlth  ++........               y - +3 ring of intelligence
                                l - +2 ring of strength

@: rotting, not resistant to hostile enchantments, unstealthy
A: rotting body, claws 1, carnivore 3, cold resistance 1, negative energy
resistance 3, slow regeneration 1, torment resistance, unbreathing
a: Renounce Religion


You were on level 3 of the Dungeon.
You worshipped Ru.
Ru was noncommittal.
You were not hungry.

You visited 1 branch of the dungeon, and saw 3 of its levels.

You collected 80 gold pieces.

Inventory:

Hand Weapons
 f - a +0 dagger
 h - a +0 club
 k - a +0 club
 n - a +0 hand axe
 p - a +0 short sword (weapon)
 z - a +0 mace
Missiles
 e - 57 stones (quivered)
 t - 9 poisoned needles
 w - 11 arrows
 x - 13 bolts
Armour
 a - a +0 robe
 g - a +0 scale mail
 m - a +0 pair of boots (worn)
 o - a +1 leather armour of poison resistance (worn)
 u - a +0 pair of boots
 v - a +0 ring mail
Jewellery
 i - an uncursed ring of protection from fire
 l - a +2 ring of strength (left claw)
 y - a +3 ring of intelligence (right claw)
Scrolls
 d - a scroll of random uselessness {unknown}
 j - 2 scrolls of teleportation {unknown}
 q - a scroll of amnesia {unknown}
Potions
 r - 2 potions of curing {unknown}
Books
 b - a book of Necromancy

   Spells                             Type                      Level
   a - Pain                           Necromancy                   1
   b - Animate Skeleton               Necromancy                   1
   c - Vampiric Draining              Necromancy                   3
   d - Regeneration                   Charms/Necromancy            3
   e - Animate Dead                   Necromancy                   4
   f - Control Undead                 Necromancy                   4
Comestibles
 c - 3 meat rations
 s - a slice of pizza


   Skills:
 + Level 0.3 Short Blades
 + Level 1.0 Armour
 + Level 2.7 Dodging
 + Level 2.3 Stealth
 + Level 2.0 Spellcasting
 + Level 4.8 Necromancy


You had 6 spell levels left.
You knew the following spells:

 Your Spells              Type           Power        Failure   Level  Hunger
a - Pain                  Necr           ##..         6%          1    ##.....


Dungeon Overview and Level Annotations

Branches:
Dungeon (3/15)

Altars:
Ru


Innate Abilities, Weirdness & Mutations

Your body is rotting away.
You thrive on raw meat.
You are immune to poison.
You have sharp fingernails.
You are carnivorous and can eat meat at any time.
Your flesh is cold resistant.
You are immune to negative energy.
You regenerate slowly when monsters are visible.
You are immune to unholy pain and torment.
You can survive without breathing.


Message History

The hobgoblin is heavily wounded.
The hobgoblin barely misses you.
The orc priest shouts!
You hit the hobgoblin.
The hobgoblin is severely wounded.
The orc priest invokes the aid of Beogh against you.
Beogh smites you!
* * * LOW HITPOINT WARNING * * *
The hobgoblin misses you.
You hit the hobgoblin.
You kill the hobgoblin!
You continue eating. x2
The orc priest misses you.
You finish eating.
That meat ration really hit the spot!
You hit the orc priest but do no damage.
The orc priest hits you but does no damage.
You barely miss the orc priest. The orc priest closely misses you.
You hit the orc priest but do no damage.
The orc priest hits you with a falchion.
You die...

#######..#.....>##
....<##..#.......## ####.#
..........S ####.## (........
..##.##.##.#....# #.##.#
........# # .. #.##.# #)#.†.###.#
. .....# #....So@..# .###.#
##.### ###...##### ..##.# #.#
#...# # #.##.# #.# #...#
#.##.##.# #.### #...# #.......#
#.#.#######...####### #<##.# .
#...................# #.##?##..
##........[..........# #........
.....................#.##.##.##..


You could see an orc priest and an adder.

Vanquished Creatures
  Jessica (D:3)
  5 adders
  A worm (D:2)
  A dart slug (D:1)
  A bat (D:1)
  2 giant cockroaches
  2 goblins
  4 hobgoblins
  A quokka (D:3)
  A giant newt (D:1)
  A kobold (D:1)
  3 rats (D:2)
23 creatures vanquished.

Notes
Turn   | Place    | Note
--------------------------------------------------------------
     0 | D:1      | Slanga the Ghoul Necromancer began the quest for the Orb.
     0 | D:1      | Reached XP level 1. HP: 14/14 MP: 2/2
   283 | D:1      | Reached XP level 2. HP: 4/19 MP: 3/3
   775 | D:2      | Reached XP level 3. HP: 23/25 MP: 4/4
   935 | D:2      | Found a sacrificial altar of Ru.
   943 | D:2      | Became a worshipper of Ru the Awakened
  1158 | D:3      | Noticed Jessica
  1173 | D:3      | Killed Jessica
  1173 | D:3      | Reached XP level 4. HP: 29/32 MP: 6/6
  1327 | D:3      | Reached skill level 1 in Armour
  1409 | D:3      | Slain by an orc priest

Skill      XL: |  1  2  3  4 |
---------------+-------------+-----
Dodging        | 2 |  2.7
Spellcasting   | 2 |  2.0
Armour         | 1 |  1.0
Short Blades   | |  0.3
Stealth        | |  2.3
Necromancy     | |  4.8

Action                   |  1- 3 |  4- 6 || total
-------------------------+-------+-------++-------
Melee: Dagger            |    38 |       ||    38
       Short sword       |    75 |    46 ||   121
       Hand axe          |    11 |       ||    11
  Eat: Chunk             |     2 |     1 ||     3
       Meat ration       |       |     1 ||     1
       Beef jerky        |       |     1 ||     1
Armor: Scale mail        |    53 |       ||    53
       Leather armour    |       |    16 ||    16
Dodge: Dodged            |    55 |    31 ||    86
